 Dungeon Crawl Stone Soup version 0.30-b1-2-g02819fbbbe (webtiles) character file.

Game seed: 3520892540811234773

128027 Metae the Tortoise (level 16, 0/152 HPs)
             Began as a Minotaur Fighter on June 22, 2023.
             Was the Champion of Makhleb.
             Killed from afar by a naga mage (11 damage)
             ... with a splash of poison
             ... on level 4 of the Snake Pit.
             The game lasted 02:19:42 (25502 turns).

Metae the Tortoise (Minotaur Fighter)              Turns: 25502, Time: 02:19:49

Health: 0/152      AC: 35    Str: 27    XL:     16   Next: 47%
Magic:  25/25      EV:  4    Int:  9    God:    Makhleb [******]
Gold:   913        SH: 18    Dex:  9    Spells: 15/15 levels left

rFire   + . .        O - +8 broad axe of Recklessness {pain, rElec rF+ rN+ rCorr}
rCold   . . .        Y - +2 tower shield {rPois}
rNeg    + . .        H - +2 crystal plate armour
rPois   .            (helmet restricted)
rElec   +            b - +0 cloak
rCorr   +            h - +0 pair of gloves
SInv    .            (no boots)
Will    +....        D - amulet of regeneration Stlth
                     f - ring of the Coward {AC+4 Int+4 Dex-3 Slay+5}
HPRegen 1.25/turn    V - ring of poison resistance
MPRegen 0.19/turn

%: no passive effects
@: lethally poisoned (0 -> -8), poison vulnerable, slowed, constricted, very
slow
A: horns 2, retaliatory headbutt, screaming 1, no potion heal 1
a: Renounce Religion, Minor Destruction, Lesser Servant of Makhleb, Major
Destruction, Greater Servant of Makhleb


You were on level 4 of the Snake Pit.
You worshipped Makhleb.
Makhleb was exalted by your worship.
You visited 4 branches of the dungeon, and saw 23 of its levels.
You visited the Abyss 1 time.
You also visited: Ossuary.

You collected 2960 gold pieces.
You spent 2047 gold pieces at shops.

Inventory:

Hand Weapons
 i - a +3 demon whip of venom
 l - the +12 arbalest "Metae's Doom" {freeze, rPois rC++ rCorr Int-4}
   (You found it on level 12 of the Dungeon)

   Int:       It affects your intelligence (-4).
   rC:        It greatly protects you from cold.
   rPois:     It protects you from poison.
   rCorr:     It protects you from acid and corrosion.
 O - the +8 broad axe of Recklessness (weapon) {pain, rElec rF+ rN+ rCorr}
   (You acquired it on level 12 of the Dungeon)

   rF:        It protects you from fire.
   rElec:     It insulates you from electricity.
   rN:        It protects you from negative energy.
   rCorr:     It protects you from acid and corrosion.
Missiles
 e - 195 stones
 y - 6 datura-tipped darts
 E - 72 poisoned darts (quivered)
Armour
 b - a +0 cloak (worn)
 h - a +0 pair of gloves (worn)
 m - a +3 plate armour of positive energy
 H - a +2 crystal plate armour (worn)
 I - a scarf of harm
 Y - a +2 tower shield of poison resistance (worn)
Jewellery
 a - a ring of fire
 f - the ring of the Coward (left hand) {AC+4 Int+4 Dex-3 Slay+5}
   (You found it on level 2 of the Snake Pit)

   [ring of protection]

   AC:        It affects your AC (+4).
   Int:       It affects your intelligence (+4).
   Dex:       It affects your dexterity (-3).
   Slay:      It affects your accuracy & damage with ranged weapons and melee
   (+5).
 p - a +5 ring of evasion
 D - an amulet of regeneration (around neck)
 L - a +6 ring of intelligence
 V - a ring of poison resistance (right hand)
 W - the amulet of Ypeimusiu {Harm Fly Will- Regen+ Dex+2}
   (You found it on level 5 of the Lair of Beasts)

   [amulet of regeneration]

   Dex:       It affects your dexterity (+2).
   Fly:       It grants you flight.
   Regen:     It increases your rate of health regeneration.
   Harm:      It increases damage dealt and taken.
   Will:      It decreases your willpower.
 Z - a ring of protection from cold
Wands
 C - a wand of light (15)
 K - a wand of polymorph (18)
 P - a wand of roots (6)
 Q - a wand of flame (30)
 U - a wand of charming (12)
Scrolls
 c - 3 scrolls of enchant weapon
 o - 7 scrolls of fog
 r - 3 scrolls of amnesia
 u - 2 scrolls of brand weapon
 x - 4 scrolls of fear
 B - a scroll of silence
 G - a scroll of summoning
 J - 3 scrolls of blinking
 N - 6 scrolls of teleportation
 R - 2 scrolls of magic mapping
Potions
 g - 2 potions of curing
 j - 4 potions of flight
 k - a potion of brilliance {unknown}
 n - 4 potions of mutation
 s - 2 potions of magic {unknown}
 v - 6 potions of haste
 w - 5 potions of cancellation
 z - 2 potions of invisibility
 A - 3 potions of heal wounds
 F - 2 potions of attraction {unknown}
 M - 2 potions of lignification {unknown}
 S - 2 potions of berserk rage
 T - a potion of ambrosia {unknown}
Miscellaneous
 q - a piece from Xom's chessboard (15/15)
 t - a box of beasts
 X - a phial of floods


   Skills:
 + Level 16.4 Fighting
 + Level 15.2(15.6) Axes
 - Level 4.1(10.7) Maces & Flails
 - Level 3.2(10.4) Polearms
 + Level 19.0 Armour
 + Level 6.8 Dodging
 - Level 13.2 Shields
 + Level 13.4 Invocations
 - Level 7.3 Evocations


You had 15 spell levels left.
You didn't know any spells.
Your spell library contained the following spells:

 Spells                   Type           Power      Damage    Failure   Level
 Beastly Appendage        Tmut           0%         N/A       100%        1
 Freeze                   Ice            0%         1d3       100%        1
 Magic Dart               Conj           0%         1d3       100%        1
 Slow                     Hex            0%         N/A       100%        1
 Sublimation of Blood     Necr           0%         N/A       100%        2
 Confusing Touch          Hex            0%         N/A       100%        3
 Dazzling Flash           Conj/Hex       0%         N/A       100%        3
 Frozen Ramparts          Ice            0%         1d1       100%        3
 Hailstorm                Conj/Ice       0%         3d3       100%        3
 Portal Projectile        Hex/Tloc       0%         N/A       100%        3
 Tukima's Dance           Hex            0%         N/A       100%        3
 Vampiric Draining        Necr           0%         2d6       100%        3
 Vhi's Electric Charge    Tloc/Air       0%         N/A       100%        3
 Ice Form                 Ice/Tmut       0%         N/A       100%        4
 Passage of Golubria      Tloc           0%         N/A       100%        4
 Petrify                  Tmut/Erth      0%         N/A       100%        4
 Summon Ice Beast         Ice/Summ       0%         N/A       100%        4
 Agony                    Necr           0%         N/A       100%        5
 Arcjolt                  Conj/Air       0%         1d10      100%        5
 Blade Hands              Tmut           0%         N/A       100%        5
 Fireball                 Conj/Fire      0%         3d3       100%        5
 Irradiate                Conj/Tmut      0%         3d11      100%        5
 Iskenderun's Battlesphe  Conj           0%         2d6       100%        5
 Silence                  Hex/Air        0%         N/A       100%        5
 Conjure Ball Lightning   Conj/Air       0%         3x3d6     100%        6
 Orb of Destruction       Conj           0%         9d5       100%        7
 Lehudib's Crystal Spear  Conj/Erth      0%         10d2      100%        8
 Maxwell's Capacitive Co  Air            0%         ∞         100%        8


Dungeon Overview and Level Annotations

Branches:
Dungeon (12/15) Temple (0/1) D:5 Lair (5/5) D:8 Shoals (0/4) Lair:2 Snake (4/4) Lair:3 Slime (0/5) Lair:4 Orc (2/2) D:12 Elf (0/3) Orc:1 Orc:2 Ossuary (visited)

Altars:
Ashenzari
Dithmenos
Elyvilon
Fedhas
Hepliaklqana
Kikubaaqudgha
Makhleb
Okawaru
Qazlal
Ru
Sif Muna
Trog
Vehumet
Xom
Zin
The Shining One

Shops:
D:9 (   Orc:1 [   Orc:2 (=*!?((*   Snake:1 [(   Snake:2 [!=

Annotations:
Snake:1 1 runed translucent door
Snake:4 3 runed translucent doors, sleeves's ghost, adept BaSu


Innate Abilities, Weirdness & Mutations

You have a pair of horns on your head.
You reflexively headbutt those who attack you in melee.
You occasionally shout uncontrollably at your foes.
Potions are less effective at restoring your health.


Message History

The naga mage constricts you.
* * * LOW HITPOINT WARNING * * *
The naga completely misses you. You furiously retaliate!
You headbutt the naga.
The naga mage's grasp on you weakens, but your attempt to escape fails.
You feel sick.
You are no longer poisoned.
* * * LOW HITPOINT WARNING * * *
You are poisoned.
* * * LOW HITPOINT WARNING * * *
You are more poisoned.
You block the naga mage's attack. x2; The naga mage constricts you.
You block the naga mage's attack.
The naga ritualist invokes the aid of its god against you.
You feel yourself grow more vulnerable to poison.
The naga mage hits you with a +0 club.
* * * LOW HITPOINT WARNING * * *
The naga mage constricts you.
* * * LOW HITPOINT WARNING * * *
The naga spits poison at you.
The splash of poison hits you but does no damage.
You are more poisoned.
You have difficulty breathing.
* * * LOW HITPOINT WARNING * * *
You feel as though you will be slow longer.
The naga ritualist invokes the aid of its god against you.
You resist with some effort.
The naga mage hits you but does no damage.
Your system partially rejects the healing.
You feel much better.
You feel very sick.
* * * LOW HITPOINT WARNING * * *
You are more poisoned.
The naga mage hits you but does no damage.
The naga mage constricts you. You block the naga mage's attack.
The naga spits poison at you. You block the splash of poison.
The naga mage spits poison at you. The splash of poison hits you!
You are more poisoned.
You die...

##.##..........##.# ##.#
##.##..####.......#####..#
...##..# #####......##.##
#..)÷).# ##..##.#..#
...##÷## #..##...##
.#..#.# #..###..#
##.÷))#### #..###..#
##.##....## #.NN#####
#.##..#..### #@#..##
#.##.[.....# #NN#..#
#.##.###...#####N(#.##
#.##.# ##.....###)...#
#..#.# ##...NNN...#.#
##.#.## #N###.N.....##
#....# #.# ####.....#
##.#.####N# ##....####
#...NN)))# ##......#


You could see a naga ritualist (toxic aura, curare, poisoned), 2 naga magi and 2
nagas.

Vanquished Creatures
  An ancient lich (Abyss:3)
  2 nagarajas
  Louise (Snake:3)
  2 orc warlords (Orc:1)
  The ghost of enotiy the Cleaver, a journeyman GrFi (D:12)
  A hydra (Lair:5)
  A salamander tyrant (Snake:4)
  5 anacondas
  A merfolk avatar (Lair:5)
  A boulder beetle (Lair:5)
  4 two-headed ogres
  12 naga sharpshooters
  5 orc high priests
  3 death yaks (D:8)
  9 naga warriors
  Urug (Lair:3)
  11 shock serpents
  Amaemon (Lair:3)
  2 skysharks
  4 salamander mystics
  3 sea snakes
  Lodul (D:12)
  3 naga ritualists
  Pikel (D:7)
  A harpy (Lair:5)
  6 orc sorcerers
  2 cyclopes
  An ugly thing (D:11)
  4 mana vipers
  8 orc knights
  2 manticores (Lair:5)
  Maurice (D:8)
  13 elephants
  11 salamanders
  3 guardian serpents
  22 black mambas
  2 merfolk sirens (Lair:2)
  Joseph (D:8)
  13 naga magi
  13 cane toads
  An orange demon (Lair:3)
  An unseen horror (D:11)
  2 kobold demonologists (D:11)
  A freezing wraith (D:12)
  10 komodo dragons
  2 merfolk (Lair:2)
  4 polar bears
  4 trolls
  4 hornets
  18 blink frogs
  2 snapping turtles (Lair:5)
  10 dream sheep (Lair:5)
  2 slime creatures (D:12)
  A wraith (D:11)
  5 wyverns
  3 basilisks
  32 yaks
  A neqoxec (Abyss:3)
  2 unseen horror simulacra (D:9)
  3 vampire mosquitoes (D:12)
  Grum (D:8)
  2 steam dragons
  Menkaure (D:7)
  26 nagas
  7 wargs
  2 hell hounds (Orc:1)
  21 water moccasins
  3 ice beasts
  A sky beast (D:7)
  5 black bears
  37 orc warriors
  2 centaurs
  16 wolves
  8 ogres
  2 phantoms (D:4)
  A lemure (D:7)
  Blork the orc (D:6)
  5 kobold brigands
  A gnoll sergeant (D:10)
  3 scorpions
  15 bullfrogs
  15 wights
  12 killer bees
  4 howler monkeys
  2 lava snakes (Lair:1)
  3 centaur zombies (Ossuary)
  Crazy Yiuf (D:3)
  4 jellies
  29 orc priests
  3 gnoll boudas
  A sleepcap (D:7)
  Jessica (D:3)
  5 iguanas
  8 hell rats
  Natasha (D:2)
  30 orc wizards
  5 mummies (Ossuary)
  Robin (D:3)
  27 gnolls
  7 adders
  4 shadow imps
  5 white imps
  2 ufetubi (D:9)
  A worm (D:3)
  2 dart slugs
  70 orcs
  9 endoplasms
  7 giant cockroaches
  15 goblins
  5 hobgoblins
  20 kobolds
  4 quokkas
  3 ball pythons
  9 bats
  7 frilled lizards
  2 goblin zombies (D:4)
  4 hobgoblin zombies (Ossuary)
  4 rats
779 creatures vanquished.

Vanquished Creatures (collateral kills)
  Rupert (Orc:2)
  A nagaraja (Snake:4)
  Snorg (D:12)
  A boulder beetle (D:12)
  2 naga warriors (Snake:4)
  A naga ritualist (Snake:4)
  A deep elf pyromancer (D:12)
  A salamander (Snake:4)
  A molten gargoyle (Lair:1)
  A black mamba (Snake:3)
  A polar bear (Lair:3)
  A slime creature (D:12)
  A wyvern (Lair:1)
  A naga (Snake:3)
  A warg (Orc:2)
  An acid dragon (D:12)
  A water moccasin (Lair:3)
  4 orc warriors (Orc:2)
  5 ogres (D:12)
  2 orcs (Orc:2)
29 creatures vanquished.

Vanquished Creatures (others)
  A naga warrior (Snake:1)
  2 nagas (Snake:4)
  An orc priest (Orc:2)
  A fire vortex (Lair:1)
  46 fungi
  61 plants
112 creatures vanquished.

Grand Total: 920 creatures vanquished

Notes
Turn   | Place    | Note
-------+----------+-------------------------------------------
     0 | D:1      | Metae the Minotaur Fighter began the quest for the Orb.
     0 | D:1      | Reached XP level 1. HP: 19/19 MP: 0/0
   131 | D:1      | Reached XP level 2. HP: 27/27 MP: 1/1
   327 | D:1      | Reached skill level 4 in Armour
   577 | D:2      | Reached XP level 3. HP: 27/33 MP: 2/2
   885 | D:2      | Reached XP level 4. HP: 41/41 MP: 3/3
  1050 | D:2      | Found a burning altar of Makhleb.
  1125 | D:2      | Became a worshipper of Makhleb the Destroyer
  1240 | D:2      | Noticed Natasha
  1247 | D:2      | Killed Natasha
  1386 | D:3      | Found a hazy altar of Hepliaklqana.
  1386 | D:3      | Noticed Robin
  1398 | D:3      | Killed Robin
  1403 | D:3      | Reached XP level 5. HP: 28/47 MP: 4/4
  1408 | D:3      | Reached * piety under Makhleb
  1503 | D:3      | Found a runed translucent door.
  1504 | D:3      | Noticed Crazy Yiuf
  1528 | D:3      | Found a glowing golden altar of the Shining One.
  1667 | D:3      | Reached skill level 1 in Invocations
  1718 | D:3      | Noticed Jessica
  1721 | D:3      | Killed Jessica
  2151 | D:3      | Killed Crazy Yiuf
  2489 | D:4      | Reached skill level 5 in Fighting
  2489 | D:4      | Reached skill level 5 in Armour
  2489 | D:4      | Reached skill level 5 in Shields
  2489 | D:4      | Reached XP level 6. HP: 56/56 MP: 6/6
  2526 | D:4      | Found a glowing silver altar of Zin.
  2528 | D:4      | Noticed an ice beast
  2548 | D:4      | Killed an ice beast
  2549 | D:4      | Reached skill level 1 in Axes
  2557 | D:4      | Found a sand-covered staircase.
  2565 | Ossuary  | Entered an ossuary
  2592 | Ossuary  | Reached XP level 7. HP: 47/61 MP: 7/7
  2741 | D:4      | Got the Omnibus of Variation and Hoarfrost
  2758 | D:4      | Reached ** piety under Makhleb
  2911 | D:4      | Found a glowing drain.
  3137 | D:4      | Reached skill level 6 in Armour
  3236 | D:4      | Found a stormy altar of Qazlal.
  3509 | D:4      | Found a broken altar of Ashenzari.
  3652 | D:5      | Entered Level 5 of the Dungeon
  3664 | D:5      | Found a shadowy altar of Dithmenos.
  3672 | D:5      | Reached XP level 8. HP: 67/70 MP: 9/9
  3763 | D:5      | HP: 3/65 [wight/+2 great sword (6)]
  3768 | D:5      | Reached skill level 7 in Armour
  4062 | D:5      | Found a blossoming altar of Fedhas.
  4096 | D:5      | Found a staircase to the Ecumenical Temple.
  4190 | D:5      | Found an iron altar of Okawaru.
  4278 | D:5      | Reached *** piety under Makhleb
  4363 | D:5      | Found a burning altar of Makhleb.
  4401 | D:5      | Found an ancient bone altar of Kikubaaqudgha.
  4403 | D:5      | Found a radiant altar of Vehumet.
  4410 | D:5      | Got Vehumet's Commentary on Impulse
  4419 | D:5      | Found a shimmering blue altar of Sif Muna.
  4791 | D:6      | Reached skill level 8 in Armour
  4888 | D:6      | Reached skill level 5 in Axes
  4983 | D:6      | Reached XP level 9. HP: 79/79 MP: 11/11
  5061 | D:6      | Noticed Blork the orc
  5071 | D:6      | Killed Blork the orc
  5671 | D:7      | Reached skill level 5 in Invocations
  5676 | D:7      | Reached skill level 9 in Armour
  5955 | D:7      | Found a shimmering altar of Xom.
  6029 | D:7      | Reached **** piety under Makhleb
  6036 | D:7      | Reached skill level 10 in Armour
  6217 | D:7      | Reached XP level 10. HP: 45/90 MP: 13/13
  6358 | D:7      | Noticed Pikel
  6373 | D:7      | Killed Pikel
  6919 | D:7      | Noticed Menkaure
  6929 | D:7      | Killed Menkaure
  6932 | D:7      | Reached skill level 11 in Armour
  7278 | D:8      | Noticed a death yak
  7313 | D:8      | Noticed a death yak
  7333 | D:8      | Noticed a death yak
  7336 | D:8      | Killed a death yak
  7346 | D:8      | Killed a death yak
  7349 | D:8      | Killed a death yak
  7350 | D:8      | Reached skill level 12 in Armour
  7364 | D:8      | Found a staircase to the Lair.
  7394 | D:8      | Noticed Joseph
  7409 | D:8      | Killed Joseph
  7412 | D:8      | Noticed Maurice
  7448 | D:8      | Killed Maurice
  7710 | D:8      | Noticed Grum
  7715 | D:8      | Reached XP level 11. HP: 98/99 MP: 15/15
  7720 | D:8      | Reached skill level 10 in Fighting
  7720 | D:8      | Reached skill level 10 in Shields
  7722 | D:8      | Killed Grum
  7803 | D:8      | Reached ***** piety under Makhleb
  8258 | D:9      | Found a bloodstained altar of Trog.
  8570 | D:9      | Reached skill level 13 in Armour
  8650 | D:9      | Found Domih's Antique Weapon Boutique.
  9299 | Lair:1   | Entered Level 1 of the Lair of Beasts
  9579 | Lair:1   | Reached skill level 14 in Armour
  9897 | Lair:1   | Reached skill level 10 in Axes
  9907 | Lair:1   | Reached XP level 12. HP: 94/110 MP: 17/17
 10746 | Lair:2   | Reached skill level 15 in Armour
 11316 | Lair:2   | Reached skill level 1 in Evocations
 11689 | Lair:2   | Found a staircase to the Shoals.
 12234 | Lair:3   | Noticed Amaemon
 12615 | Lair:3   | You fall into a shaft and drop 2 floors!
 12615 | Lair:5   | Entered Level 5 of the Lair of Beasts
 12695 | Lair:3   | Found a staircase to the Snake Pit.
 12706 | Lair:3   | Reached ****** piety under Makhleb
 13000 | Lair:3   | Killed Amaemon
 13051 | Lair:3   | Noticed Urug
 13060 | Lair:3   | Killed Urug
 13061 | Lair:3   | Reached skill level 16 in Armour
 13135 | Lair:3   | Reached XP level 13. HP: 102/119 MP: 19/19
 13752 | Lair:4   | Found a staircase to the Slime Pits.
 13852 | Lair:4   | Reached skill level 10 in Invocations
 14516 | Lair:5   | Reached skill level 5 in Evocations
 14663 | Lair:5   | Identified the +3 lajatang of the Onslaught {heavy, Contam
                  | rElec rN+++ rCorr}
 15265 | Lair:5   | Identified the amulet of Ypeimusiu {Harm Fly Will- Regen+
                  | Dex+2}
 15734 | D:10     | Entered Level 10 of the Dungeon
 15760 | D:10     | Reached XP level 14. HP: 130/130 MP: 21/21
 15790 | D:10     | Reached skill level 1 in Polearms
 16371 | D:10     | Found a sacrificial altar of Ru.
 16467 | D:10     | Found an iron altar of Okawaru.
 16592 | D:11     | Reached skill level 17 in Armour
 17251 | D:12     | Noticed Lodul
 17264 | D:12     | Killed Lodul
 17271 | D:12     | Noticed Snorg
 17277 | D:12     | Killed Snorg
 17322 | D:12     | Identified a scroll of acquirement
 17514 | D:12     | Identified the +12 arbalest "Metae's Doom" {freeze, rPois
                  | rC++ rCorr Int-4}
 17548 | D:12     | Found a staircase to the Orcish Mines.
 17703 | D:12     | Found a runed translucent door.
 17703 | D:12     | Noticed enotiy's ghost (journeyman GrFi)
 17899 | D:12     | Acquired the +8 broad axe of Recklessness {pain, rElec rF+
                  | rN+ rCorr}
 17908 | Orc:1    | Entered Level 1 of the Orcish Mines
 18003 | Orc:2    | Entered Level 2 of the Orcish Mines
 18003 | Orc:2    | Found a staircase to the Elven Halls.
 18016 | Orc:2    | Noticed Rupert
 18022 | Orc:2    | Paralysed by Rupert for 3 turns
 18058 | Orc:2    | Noticed Nessos
 18061 | Orc:2    | Noticed an orc warlord
 18069 | Orc:2    | Killed Rupert
 18140 | Orc:1    | Killed an orc warlord
 18341 | Orc:2    | Noticed a cacodemon
 18342 | Orc:2    | Gained mutation: You occasionally shout uncontrollably at
                  | your foes. [a cacodemon]
 18447 | Orc:2    | Paralysed by an orc sorcerer for 2 turns
 18601 | Orc:2    | Paralysed by an orc sorcerer for 5 turns
 18700 | Orc:2    | HP: 4/133 [Nessos/arrow (9)]
 18822 | Orc:2    | Nessos changed into Nessos the cyclops
 18822 | Orc:2    | Noticed Nessos
 18827 | Orc:2    | Killed Nessos the cyclops
 19005 | Orc:2    | Found Poozu's Antique Weapon Shop.
 19239 | Orc:2    | Found Xoupaop's Assorted Antiques.
 19239 | Orc:2    | Found Doikun's Magic Scroll Boutique.
 19346 | Orc:2    | Found Abocw's Antique Weapon Shoppe.
 19346 | Orc:2    | Found Woareaj's Weapon Shoppe.
 19397 | Orc:2    | Bought a glowing crystal plate armour for 1743 gold pieces
 19457 | Orc:2    | Found Eqypahitz's Jewellery Emporium.
 19552 | Orc:2    | Found Jexaing's General Store.
 19555 | Orc:2    | Found Sadweril's Distillery.
 19919 | Orc:1    | Found Ytuveth's Armour Boutique.
 20104 | Orc:1    | Noticed an orc warlord
 20263 | Orc:1    | Killed an orc warlord
 20310 | Orc:1    | Paralysed by a chaos spawn for 2 turns
 20318 | Orc:1    | Reached XP level 15. HP: 77/139 MP: 22/22
 20697 | Orc:2    | Bought a scroll of blinking for 127 gold pieces
 20713 | Orc:2    | Bought a potion of heal wounds for 105 gold pieces
 20929 | D:12     | Killed enotiy's ghost
 21331 | Snake:1  | Entered Level 1 of the Snake Pit
 21359 | Snake:1  | Reached skill level 1 in Dodging
 21755 | Snake:1  | Found Qaico's Weapon Shop.
 21762 | Snake:1  | Found Eraon's Antique Armour Boutique.
 21858 | Snake:1  | Reached skill level 15 in Fighting
 22185 | Snake:1  | Found a runed translucent door.
 22228 | Snake:1  | Reached skill level 18 in Armour
 23259 | Snake:2  | Found Isicwo's Antique Armour Emporium.
 23262 | Snake:2  | Found Yrhew's Distillery.
 23264 | Snake:2  | Found Ammigex's Jewellery Emporium.
 23278 | Snake:2  | Bought 2 potions of curing for 72 gold pieces
 23536 | Snake:2  | Identified the ring of the Coward {AC+4 Int+4 Dex-3 Slay+5}
 24148 | Snake:3  | Noticed a nagaraja
 24150 | Snake:3  | Identified the +0 leather armour "Neemah" {*Corrode rPois
                  | Str+2 SInv}
 24167 | Snake:3  | Killed a nagaraja
 24295 | Snake:3  | Found a white marble altar of Elyvilon.
 24510 | Snake:4  | Entered Level 4 of the Snake Pit
 24511 | Snake:4  | Noticed Louise
 24521 | Abyss:2  | Cast into level 2 of the Abyss (Louise)
 24553 | Abyss:3  | Found a corrupted altar of Lugonu.
 24584 | Abyss:3  | Gained mutation: Potions are less effective at restoring
                  | your health. [a neqoxec]
 24604 | Abyss:3  | Noticed an ancient lich
 24618 | Abyss:3  | Killed an ancient lich
 24619 | Abyss:3  | Reached skill level 5 in Dodging
 24667 | Snake:3  | Escaped the Abyss
 24676 | Snake:3  | Killed Louise
 24749 | Snake:4  | Reached XP level 16. HP: 151/151 MP: 24/24
 24871 | Snake:4  | Noticed sleeves's ghost (adept BaSu)
 25108 | Snake:4  | Found a runed translucent gate.
 25108 | Snake:4  | Found a runed translucent gate.
 25108 | Snake:4  | Found a runed translucent gate.
 25130 | Snake:4  | Found a shadowy altar of Dithmenos.
 25252 | Snake:4  | Reached skill level 15 in Axes
 25334 | Snake:4  | Reached skill level 19 in Armour
 25501 | Snake:4  | HP: 7/152 [constriction (1)]
 25501 | Snake:4  | HP: 3/152 [asphyx]
 25502 | Snake:4  | Killed from afar by a naga mage

Illustrated notes

Levels and vault maps discovered:
D:1:      evilmike_arrival_crescent, layout_basic
D:2:      layout_loops_cross, basic_altar, st_stairs_13, hangedman_decor_lopped,
          uniq_natasha
D:3:      layout_basic, mainiacjoe_overflow_24_doors, lemuel_tele_altar,
          uniq_jessica, uniq_crazy_yiuf_cottage, uniq_robin
D:4:      layout_loops_corners, mainiacjoe_overflow_boulevard,
          grunt_qazlal_clouds, lemuel_coloured_pillars_altar,
          gup_sewer_entry_glass, enter_ossuary_4, minmay_manual_monstrance
D:5:      layout_rooms, palyth_temple_overflow_mages, fedhas_ov_isle_minmay,
          mainiacjoe_overflow_concentric_impassable, okawaru_trees_2,
          kennysheep_little_box, chequers_hall_statues_y, kennysheep_donut
D:6:      layout_gridville, uniq_blork_the_orc
D:7:      cheibrodos_fzero, layout_basic, xom_teletrap_fun, uniq_pikel,
          uniq_menkaure
D:8:      layout_basic, dpeg_lair_monsters, uniq_joseph, uniq_grum, uniq_maurice
D:9:      layout_irregular_city, nicolae_overflow_crystal_walls, serial_ice,
          serial_ice_c, serial_ice_o, serial_ice_a, serial_ice_n, serial_shops,
          nicolae_shop_stone
D:10:     layout_long_grid, nicolae_ru_the_path_less_chosen, solitary_fountain,
          david_defended_altar_orc
D:11:     layout_cave_pools, abandoned_shop
D:12:     layout_small_grid, minmay_orc_entry_guard_dogs,
          ebering_ghost_inner_flame, uniq_snorg, uniq_lodul
Lair:1:   layout_chaotic_city
Lair:2:   layout_loops_ring, elwin_shoals_entry_stream, beast_lair_carwin_4
Lair:3:   layout_hall_layers, minmay_snake_entry_six_corridors,
          chequers_serial_rivers_small_b, uniq_urug, uniq_amaemon
Lair:4:   layout_big_grid, nicolae_slime_entry_slimehenge,
          gauntlet_entry_generic, small_statue_intersection, grunt_megastairs_3,
          infiniplex_staircase_pool_2
Lair:5:   gammafunk_lair_ancient_temple, layout_misc_corridors
Snake:1:  cheibrodos_toxic_ritual, layout_chambers, minmay_shoptagon,
          serial_bayou_shore_a
Snake:2:  layout_rooms, minmay_shop_star
Snake:3:  layout_rooms, basic_altar
Snake:4:  johnstein_snake_rune_scales, layout_rooms,
          portal_ice_cave_entry_pillars_2, basic_altar, gammafunk_ghost_split,
          uniq_louise
Orc:1:    orc_temple, layout_caves, enter_volcano_3, serial_shops, shop
Orc:2:    st_orc_elflike, layout_caves, serial_shops, shop, shop, shop,
          nicolae_square_shop, mines_bat_river, uniq_rupert, uniq_nessos

Skill      XL: |  1  2  3  4  5  6  7  8  9 10 11 12 13 14 15 16 |
---------------+-------------------------------------------------+-----
Fighting       | 4 5 6 7 8 9 11 12 13 14 15 16 | 16.4
Armour         | 4 5 6 8 10 12 14 16 17 18 19 | 19.0
Shields        | 4 5 6 7 8 9 11 12 13 | 13.2
Maces & Flails | 3 4 |  4.1
Invocations    | 1 2 3 4 5 7 8 9 10 11 12 13 | 13.4
Axes           | 2 3 5 6 8 10 11 12 13 14 15 | 15.2
Evocations     | 3 5 7 |  7.3
Polearms       | 3 |  3.2
Dodging        | 5 6 |  6.8

Action                     |  1- 3 |  4- 6 |  7- 9 | 10-12 | 13-15 | 16-18 || total
---------------------------+-------+-------+-------+-------+-------+-------++-------
  Melee: Flail             |    75 |    80 |       |       |       |       ||   155
         Headbutt          |     9 |    16 |    41 |   112 |   289 |    34 ||   501
         War axe           |       |    49 |   250 |   543 |   254 |       ||  1096
         Demon whip        |       |       |       |       |   268 |       ||   268
         Broad axe         |       |       |       |       |   564 |   167 ||   731
  Throw: Stone             |       |       |       |     9 |       |       ||     9
         Dart              |       |       |       |       |    10 |     5 ||    15
 Invoke: Major Destruction |       |       |       |     3 |     5 |       ||     8
         Lesser Servant of |       |       |       |     2 |     3 |     1 ||     6
         Greater Servant o |       |       |       |       |     3 |     1 ||     4
         Minor Destruction |       |       |       |       |     1 |       ||     1
  Evoke: Wand              |       |       |       |       |    20 |       ||    20
    Use: Potion            |       |       |     1 |     2 |    11 |     4 ||    18
         Scroll            |       |       |       |    23 |    11 |       ||    34
   Stab: Distracted        |       |       |       |       |     2 |       ||     2
         Invisible         |       |       |       |       |     1 |       ||     1
 Armour: Scale mail        |    32 |    67 |    33 |       |       |       ||   132
         Chain mail        |       |       |    47 |       |       |       ||    47
         Plate armour      |       |       |     7 |   310 |   369 |       ||   686
         Crystal plate arm |       |       |       |       |   281 |   117 ||   398
  Dodge: Dodged            |    32 |    86 |   182 |   338 |   609 |    30 ||  1277
  Block: Buckler           |    20 |    36 |    83 |   198 |   375 |       ||   712
         Kite shield       |       |       |       |       |   103 |       ||   103
         Tower shield      |       |       |       |       |     9 |   185 ||   194
